Construct Section Command Post
Selects Air and Sea Battlegroup
Construct Field Infirmary
Construct Platoon Command Post
Selects Commando Section Paradrop
Selects M1 Pack Howitzer Paradrop
M1 Pack Howitzer Paradrop
Construct Company Command Post
Construct Field Infirmary
Unlock M3 Grant Medium Tanks
Selects Anti-tank Rocket Loiter
Selects Centaur Medium Tank
Commando Section Paradrop
Selects Naval Bombardment
Construct Field Infirmary
Commando Section Paradrop
Commando Section Paradrop
Commando Section Paradrop